 Dungeon Crawl Stone Soup version 0.25-a0-1079-g858b6a6ff6 (webtiles) character file.

Game seed: 11542329805918840536, levelgen mode: deterministic

3252 HoaS the Grappler (level 9, -2/59 HPs)
             Began as a Gargoyle Gladiator on May 15, 2020.
             Was a Believer of Okawaru.
             Slain by a death yak (7 damage)
             ... on level 8 of the Dungeon.
             The game lasted 00:20:36 (7543 turns).

HoaS the Grappler (Gargoyle Gladiator)              Turns: 7543, Time: 00:20:37

Health: -2/59      AC: 26    Str: 21    XL:     9   Next: 99%
Magic:  10/12      EV: 10    Int:  9    God:    Okawaru [**....]
Gold:   408        SH:  0    Dex: 14    Spells: 8/8 levels left

rFire    + . .     SeeInvis .     - Unarmed
rCold    + . .     Gourm    .   (no shield)
rNeg     + . .     Faith    .   l - +0 plate armour
rPois    ∞         Spirit   .   b - +0 helmet
rElec    +         Reflect  .   n - scarf {rC+ rF+}
rCorr    .         Harm     .   x - +2 pair of gloves {Str+3}
MR       .....                  e - +0 pair of boots
Stlth    ..........             (no amulet)
HPRegen  0.19/turn              (no ring)
MPRegen  0.13/turn              (no ring)

@: heroism
A: negative energy resistance 1, electricity resistance, unbreathing,
petrification resistance, rot immunity, AC +6
a: Heroism, Renounce Religion


You were on level 8 of the Dungeon.
You worshipped Okawaru.
Okawaru was pleased with you.
You were not hungry.

You visited 2 branches of the dungeon, and saw 9 of its levels.

You collected 408 gold pieces.

Inventory:

Missiles
 c - 3 throwing nets (quivered)
Armour
 b - a +0 helmet (worn)
 e - a +0 pair of boots (worn)
 l - a +0 plate armour (worn)
 n - a scarf of resistance (worn)
 x - a +2 pair of gloves of strength (worn)
Wands
 j - a wand of disintegration (15)
 q - a wand of random effects (5)
 w - a wand of paralysis (12)
Scrolls
 h - 2 scrolls of enchant armour
 r - 8 scrolls of teleportation
 s - a scroll of vulnerability {unknown}
 t - 3 scrolls of remove curse
 y - a scroll of blinking
Potions
 a - a potion of mutation {unknown}
 f - a potion of heal wounds {unknown}
 g - a potion of degeneration {unknown}
 i - 2 potions of curing
 k - 5 potions of flight
 m - a potion of stabbing {unknown}
 p - a potion of brilliance {unknown}
 v - a potion of haste {unknown}
 z - 3 potions of lignification
 A - 2 potions of invisibility
 B - 2 potions of might
Comestibles
 d - 9 rations


   Skills:
 + Level 8.2(13.2) Fighting
 - Level 1.7(6.7) Throwing
 - Level 3.0(8.0) Armour
 - Level 2.4(7.4) Dodging
 * Level 10.6(15.6) Unarmed Combat
 + Level 4.8 Invocations


You had 8 spell levels left.
You didn't know any spells.
Your spell library was empty.

Dungeon Overview and Level Annotations

Branches:
Dungeon (8/15)             Temple (1/1) D:6
   Lair: D:8-11

Altars:
Ashenzari
Cheibriados
Dithmenos
Elyvilon
Fedhas
Gozag
Hepliaklqana
Kikubaaqudgha
Okawaru
Qazlal
Ru
Sif Muna
Trog
Uskayaw
Vehumet
Wu Jian
Xom
Yredelemnul
Zin
The Shining One

Annotations:
D:3 2 transporters, Hylith's ghost, amateur VSEn


Innate Abilities, Weirdness & Mutations

You are resistant to torment.
Your stone body is resilient. (AC +6)
You are immune to poison.
You resist negative energy. (rN+)
You are resistant to electric shocks. (rElec)
You can survive without breathing.
You are immune to petrification.
You are immune to rotting.


Message History

The death yak is almost dead.
A river rat comes into view.
The death yak gores you but does no damage.
Things that are here:
a +0 glaive; a +0 chain mail You punch the death yak!
The death yak is almost dead.
The death yak gores you but does no damage.
The quokka twitches its whiskers.
You punch the death yak!
You kill the death yak!
Okawaru is honoured by your kill.
Your base Fighting skill increases to level 8!
You punch the death yak!
The death yak is lightly wounded.
You feel like a meek peon again.
The death yak gores you but does no damage.
You gain the combat prowess of a mighty hero.
The death yak gores you!
You die...

#)..........
#..........
......... .......
.. ...r.♣♣...
.r......$
#YF.....? #Y#
######## #@#
#.......
#)#########.#####.
#...........# #.
############# ##


You could see 2 death yaks, a bullfrog, a river rat and a quokka.

Vanquished Creatures
  A death yak (D:8)
  A wyvern (D:7)
  2 hungry ghosts (D:7)
  Duvessa (D:4)
  An ice beast (D:7)
  An orc warrior (D:8)
  2 ogres (D:7)
  A phantom (D:5)
  3 black bears
  A sky beast (D:6)
  3 bullfrogs (D:7)
  3 scorpions
  Dowan (D:4)
  A vampire bat (D:4)
  2 howler monkeys
  A crimson imp (D:6)
  Crazy Yiuf (D:5)
  2 orc priests
  2 centaur skeletons
  A hound (D:4)
  2 orc wizards (D:7)
  5 worker ants
  Natasha (thrice) (D:3)
  2 worker ant zombies
  8 adders
  4 gnolls (D:3)
  An ooze (D:6)
  An adder zombie (D:6)
  An adder skeleton (D:7)
  A worm (D:2)
  4 dart slugs
  3 fire bats (D:4)
  7 leopard geckos
  14 orcs
  2 spectral bats (D:4)
  A ball python (D:8)
  3 bat skeletons (D:4)
  A bat zombie (D:4)
  6 giant cockroaches
  9 goblins
  13 hobgoblins
  8 jackals
  13 kobolds
  2 quokkas
  16 bats
  A bat simulacrum (D:4)
  8 frilled lizards
  13 rats
  2 plants (D:2)
185 creatures vanquished.

Notes
Turn   | Place    | Note
-------+----------+-------------------------------------------
     0 | D:1      | HoaS the Gargoyle Gladiator began the quest for the Orb.
     0 | D:1      | Reached XP level 1. HP: 12/12 MP: 1/1
   301 | D:1      | Reached XP level 2. HP: 10/18 MP: 2/2
   664 | D:1      | Reached skill level 1 in Armour
   969 | D:1      | Reached XP level 3. HP: 22/22 MP: 3/3
  1603 | D:2      | Reached skill level 4 in Unarmed Combat
  1609 | D:2      | Reached XP level 4. HP: 23/27 MP: 4/4
  1658 | D:2      | Found a shadowy altar of Dithmenos.
  1804 | D:2      | Found a faded altar of an unknown god.
  1804 | D:2      | Found a bloodstained altar of Trog.
  1809 | D:2      | Found a shattered altar of Ashenzari.
  1817 | D:2      | Found a faded altar of an unknown god.
  1913 | D:2      | Found a snail-covered altar of Cheibriados.
  2447 | D:3      | Reached XP level 5. HP: 21/32 MP: 5/5
  2493 | D:3      | Found a transporter.
  2575 | D:3      | Noticed Hylith's ghost (amateur VSEn)
  2576 | D:3      | Found a transporter.
  2625 | D:3      | Noticed Natasha
  2636 | D:3      | Killed Natasha
  2753 | D:3      | Found an opulent altar of Gozag.
  2827 | D:3      | Found a shattered altar of Ashenzari.
  2960 | D:3      | Noticed Natasha
  2974 | D:3      | Killed Natasha
  2978 | D:3      | Noticed Natasha
  2995 | D:3      | Killed Natasha
  2995 | D:3      | Reached skill level 5 in Unarmed Combat
  2995 | D:3      | Reached XP level 6. HP: 28/38 MP: 6/6
  3337 | D:4      | Noticed Duvessa
  3338 | D:4      | Noticed Dowan
  3368 | D:4      | Killed Dowan
  3828 | D:4      | Reached XP level 7. HP: 43/44 MP: 7/7
  3862 | D:4      | Reached skill level 6 in Unarmed Combat
  4204 | D:4      | Killed Duvessa
  4276 | D:4      | Reached skill level 5 in Fighting
  4561 | D:4      | Reached skill level 7 in Unarmed Combat
  5028 | D:5      | Entered Level 5 of the Dungeon
  5263 | D:5      | Reached XP level 8. HP: 45/50 MP: 8/8
  5451 | D:5      | Found a runed translucent door.
  5452 | D:5      | Noticed Crazy Yiuf
  5518 | D:5      | Found an ornate altar of the Wu Jian Council.
  5641 | D:5      | Killed Crazy Yiuf
  5724 | D:6      | Found a staircase to the Ecumenical Temple.
  5754 | Temple   | Entered the Ecumenical Temple
  5909 | D:6      | Reached skill level 8 in Unarmed Combat
  6003 | D:6      | Found a hazy altar of Hepliaklqana.
  6076 | D:6      | Found an iron altar of Okawaru.
  6089 | D:6      | Became a worshipper of Warmaster Okawaru
  6148 | D:6      | Found a blossoming altar of Fedhas.
  6471 | D:7      | Reached skill level 1 in Invocations
  6509 | D:7      | Reached skill level 9 in Unarmed Combat
  6592 | D:7      | Reached XP level 9. HP: 54/56 MP: 10/10
  6605 | D:7      | Reached * piety under Okawaru
  7323 | D:7      | Reached ** piety under Okawaru
  7351 | D:7      | Reached skill level 10 in Unarmed Combat
  7522 | D:8      | Noticed a death yak
  7526 | D:8      | Noticed a death yak
  7527 | D:8      | Noticed a death yak
  7541 | D:8      | Killed a death yak
  7543 | D:8      | Slain by a death yak

Illustrated notes

Levels and vault maps discovered:
D:1:      lemuel_arrival_behind_the_door_large, layout_loops_corners
D:2:      layout_basic, chequers_temple_overflow_minitemple,
          grunt_dithmenos_smoke_and_mirrors, lexackson_kobold_supper
D:3:      layout_basic, nicolae_overflow_crystal_walls, first_ration,
          gammafunk_ghost_arena, evilmike_ruin_ashenzari, uniq_natasha
D:4:      layout_layer_cave, goddamned_bats, uniq_duvessa
D:5:      layout_basic, kennysheep_little_box, uniq_crazy_yiuf_cottage
D:6:      layout_rooms, lemuel_coloured_pillars_altar, marbit_many_paths,
          minmay_temple_entry_ruins, basic_altar
D:7:      layout_loops_ring
D:8:      layout_basic, dpeg_lair_monsters, grunt_pizzeria, minmay_lizard_king,
          uniq_psyche, uniq_erica
Temple:   jpeg_temple_clearing

Skill      XL: |  1  2  3  4  5  6  7  8  9 |
---------------+----------------------------+-----
Armour         | 1 2 3 |  3.0
Unarmed Combat | 4 5 7 9 10 | 10.6
Fighting       | 3 4 5 6 8 |  8.2
Invocations    | 2 4 |  4.8
Throwing       | |  1.7
Dodging        | |  2.4

Action                   |  1- 3 |  4- 6 |  7- 9 || total
-------------------------+-------+-------+-------++-------
Melee: Unarmed           |   210 |   381 |   449 ||  1040
       Punch             |     1 |     7 |    11 ||    19
Invok: Heroism           |       |       |     4 ||     4
Evoke: Wand              |       |     9 |       ||     9
  Use: Scroll            |       |       |    14 ||    14
 Stab: Invisible         |       |       |     1 ||     1
  Eat: Chunk             |     2 |     8 |    11 ||    21
       Ration            |       |       |     2 ||     2
Armor: Ring mail         |    45 |       |       ||    45
       Plate armour      |    39 |   234 |   391 ||   664
Dodge: Dodged            |   108 |    67 |   199 ||   374

Table legend:
 A = Non-vault XP
 B = Vault XP
 C = Vault XP percentage of total XP
 D = Non-vault monster count
 E = Vault monster count
 F = Vault count percentage of total count
                 A         B        C        D         E       F
            +---------+---------+-------+---------+---------+-------
      Total |    3293 |    1354 |  29.1 |     150 |      33 |  18.0
            +---------+---------+-------+---------+---------+-------
        D:1 |      57 |       0 |   0.0 |      34 |       0 |   0.0
        D:2 |      51 |      12 |  19.0 |      27 |       8 |  22.9
        D:3 |     184 |      36 |  16.4 |      21 |       1 |   4.5
        D:4 |     314 |     394 |  55.6 |      16 |      22 |  57.9
        D:5 |     231 |      44 |  16.0 |      11 |       1 |   8.3
        D:6 |     594 |       0 |   0.0 |      14 |       0 |   0.0
        D:7 |    1677 |       0 |   0.0 |      21 |       0 |   0.0
        D:8 |     185 |     868 |  82.4 |       6 |       1 |  14.3
            +---------+---------+-------+---------+---------+-------
